 Dungeon Crawl Stone Soup version 0.31-a0-662-g684573625c (webtiles) character file.

Game seed: 7678298022192243507

1374525 DrMo the Slayer (level 25, 231/231 HPs)
             Began as a Yellow Draconian Monk on Sept 1, 2023.
             Was a High Priest of Ashenzari.
             Escaped with the Orb
             ... and 3 runes on Sept 2, 2023!
             The game lasted 02:46:06 (105191 turns).

DrMo the Slayer (Yellow Draconian Monk)           Turns: 105191, Time: 02:46:06

Health: 231/231    AC: 21    Str: 24    XL:     25   Next: 90%
Magic:  10/23      EV: 27    Int: 12    God:    Ashenzari [*****.]
Gold:   3906       SH: 30    Dex: 17    Spells: 25/25 levels left

rFire   + +          .
                       - Unarmed
rCold   . . .        V - +2 tower shield "Manifest Vision" {reflect, Comp, Cun} (curse)
rNeg    . . .        (body armour unavailable)
rPois   +            M - +2 hat "Distant Sorrow" {Melee, Self} (curse)
rElec   +            b - scarf "Tethered Relativism" {rC+ rF+, Elem, Alch} (curse)
rCorr   +            u - +3 Mad Mage's Maulers {Infuse+∞ VampMP -Cast, Self, Bglg} (curse)
SInv    +            c - +2 pair of boots "Suspicion of Ashenzari" {Self, Cun} (curse)
Will    +....        s - amulet of Supernal Wisdom {Reflect SH+5, Alch, Fort} (curse)
Stlth   ++           o - ring "Ruined Free Will" {Fire rElec rPois, Fort, Bglg} (curse)
HPRegen 0.58/turn    A - ring of the Bound Boredom {Str+6 Int-3 Slay+2 SInv, Cun, Fort} (curse)
MPRegen 0.18/turn

%: no spellcasting, reflection, clarity, infuse magic (10 MP)
@: studying 3 skills
A: spit acid, AC +12, unfitting armour, acidic bite, cold-blooded, acid
resistance, frail 1, inability to read after injury 1
0: Orb of Zot
}: 3/15 runes: decaying, silver, gossamer
a: Breathe Acid, Renounce Religion, Curse Item, Shatter the Chains


You escaped.
You worshipped Ashenzari.
Ashenzari was extremely pleased with you.
You visited 9 branches of the dungeon, and saw 46 of its levels.
You visited the Abyss 1 time.
You also visited: Trove, Gauntlet and Volcano.

You collected 8340 gold pieces.
You spent 4434 gold pieces at shops.

Inventory:

Armour
 b - the cursed scarf "Tethered Relativism" (worn) {rC+ rF+, Elem, Alch}
   (You found it on level 4 of the Spider Nest)

   It has a curse which improves the following skills: Elements: Fire Magic, Ice
   Magic, Air Magic and Earth Magic.
   Alchemy:   Poison Magic and Transmutations.
 c - the cursed +2 pair of boots "Suspicion of Ashenzari" (worn) {Self, Cun}
   (You found it on level 1 of the Dungeon)

   It has a curse which improves the following skills: Introspection: Fighting
   and Spellcasting.
   Cunning:   Dodging and Stealth.
 u - the cursed +3 Mad Mage's Maulers (worn) {Infuse+∞ VampMP -Cast, Self, Bglg}
   (You acquired it on level 9 of the Dungeon)

   Infuse+∞: It empowers its wearer's blows with all of their magic.
   VampMP:    Blows struck in melee replenish the wearer's magic.
   -Cast:     It prevents spellcasting.
   It has a curse which improves the following skills: Introspection: Fighting
   and Spellcasting.
   Beguiling: Conjurations, Hexes and Translocations.
 M - the cursed +2 hat "Distant Sorrow" (worn) {Melee, Self}
   (You found it on level 3 of the Depths)

   It has a curse which improves the following skills: Melee Combat: Short
   Blades, Long Blades, Axes, Maces & Flails, Polearms, Staves and Unarmed
   Combat.
   Introspection: Fighting and Spellcasting.
 V - the cursed +2 tower shield "Manifest Vision" (worn) {reflect, Comp, Cun}
   (You found it in a treasure trove)

   It has a curse which improves the following skills: Companions: Summonings
   and Necromancy.
   Cunning:   Dodging and Stealth.
 W - the +0 pair of boots of Lecsiojao {-Tele rPois Str+5}
   (You found it on level 4 of the Lair of Beasts)

   Str+5:     It affects your strength (+5).
   rPois:     It protects you from poison -Tele: It prevents most forms of
   teleportation.
Jewellery
 o - the cursed ring "Ruined Free Will" (left hand) {Fire rElec rPois, Fort, Bglg}
   (You bought it in a shop on level 4 of the Depths)

   [ring of fire]

   Fire:      It enhances your fire magic.
   rF+:       It protects you from fire.
   rC-:       It makes you vulnerable to cold.
   rElec:     It insulates you from electricity.
   rPois:     It protects you from poison It has a curse which improves the
   following skills: Fortitude: Shields.
   Beguiling: Conjurations, Hexes and Translocations.
 s - the cursed amulet of Supernal Wisdom (around neck) {Reflect SH+5, Alch, Fort}
   (You found it on level 4 of the Vaults)

   [amulet of reflection]

   Reflect:   It reflects blocked missile attacks.
   SH+5:      It affects your SH (+5).
   It has a curse which improves the following skills: Alchemy: Poison Magic and
   Transmutations.
   Fortitude: Shields.
 A - the cursed ring of the Bound Boredom (right hand) {Str+6 Int-3 Slay+2 SInv, Cun, Fort}
   (You found it on level 4 of the Dungeon)

   [ring of strength]

   Str+6:     It affects your strength (+6).
   Int-3:     It affects your intelligence (-3).
   Slay+2:    It affects your accuracy & damage with ranged weapons and melee
   (+2).
   SInv:      It lets you see invisible.
   It has a curse which improves the following skills: Cunning: Dodging and
   Stealth.
   Fortitude: Shields.
 Z - a ring of willpower
Wands
 t - a wand of iceblast (33)
 x - a wand of digging (8)
 y - a wand of charming (24)
 D - a wand of quicksilver (19)
 E - a wand of mindburst (40)
 H - a wand of polymorph (34)
 R - a wand of flame (52)
Scrolls
 d - 2 scrolls of blinking
 e - 2 scrolls of butterflies
 g - 6 scrolls of fear
 i - 3 scrolls of noise
 j - 4 scrolls of immolation
 m - 4 scrolls of teleportation
 n - 10 scrolls of fog
 q - a scroll of revelation
 w - 8 scrolls of poison
 F - 3 scrolls of torment
 L - 11 scrolls of vulnerability
 T - 2 scrolls of silence
Potions
 f - 2 potions of enlightenment
 h - 4 potions of resistance
 k - 12 potions of curing
 l - 7 potions of lignification
 p - 4 potions of heal wounds
 v - 8 potions of attraction
 z - 3 potions of invisibility
 I - 7 potions of mutation
 J - a potion of haste
 N - 7 potions of cancellation
 P - 4 potions of might
 Q - 2 potions of magic
 S - 3 potions of berserk rage
Miscellaneous
 G - a condenser vane (inert)
 K - a phantom mirror
 O - a lightning rod (2/4)


   Skills:
 + Level 24.3(27) Fighting
 + Level 20.8(24.6) Dodging
 - Level 11.2(15.3) Stealth
 - Level 17.9(21.8) Shields
 + Level 23.7(25.5) Unarmed Combat
 * Level 21.5 Evocations


You had 25 spell levels left.
You didn't know any spells.
Your spell library contained the following spells:

 Spells                   Type           Power      Damage    Failure   Level
 Necrotise                Necr           0%         1d4       38%         1
 Shock                    Conj/Air       4%         1d3       38%         1
 Blink                    Tloc           2%         N/A       52%         2
 Cigotuvi's Dreadful Rot  Necr/Pois/Air  2%         N/A       52%         2
 Passwall                 Tmut/Erth      0%         N/A       52%         2
 Sublimation of Blood     Necr           0%         N/A       54%         2
 Dazzling Flash           Conj/Hex       2%         N/A       75%         3
 Gell's Gravitas          Tloc           1%         N/A       75%         3
 Ignite Poison            Fire/Tmut/Pois 1%         N/A       75%         3
 Portal Projectile        Hex/Tloc       2%         N/A       75%         3
 Teleport Other           Tloc           1%         N/A       75%         3
 Call Canine Familiar     Summ           0%         N/A       77%         3
 Hailstorm                Conj/Ice       1%         3d3       77%         3
 Swiftness                Air            0%         N/A       77%         3
 Volatile Blastmotes      Fire/Tloc      2%         2d10      77%         3
 Cause Fear               Hex            0%         N/A       98%         4
 Fulminant Prism          Conj/Hex       0%         3d5       98%         4
 Iskenderun's Mystic Bla  Conj/Tloc      1%         2d3       98%         4
 Manifold Assault         Tloc           1%         N/A       98%         4
 Airstrike                Air            0%         2d(0-16)  99%         4
 Anguish                  Hex/Necr       0%         N/A       99%         4
 Dispel Undead            Necr           0%         3d6       99%         4
 Leda's Liquefaction      Hex/Erth       0%         N/A       99%         4
 Petrify                  Tmut/Erth      1%         N/A       99%         4
 Summon Ice Beast         Ice/Summ       0%         N/A       99%         4
 Vhi's Electric Charge    Tloc/Air       2%         N/A       99%         4
 Agony                    Necr           0%         N/A       100%        5
 Alistair's Intoxication  Tmut/Pois      0%         N/A       100%        5
 Arcjolt                  Conj/Air       0%         1d10      100%        5
 Irradiate                Conj/Tmut      0%         3d11      100%        5
 Silence                  Hex/Air        0%         N/A       100%        5
 Death Channel            Necr           0%         N/A       100%        6
 Dispersal                Tloc           0%         N/A       100%        6
 Plasma Beam              Fire/Air       0%         2x1d10    100%        6
 Simulacrum               Ice/Necr       0%         N/A       100%        6
 Enfeeble                 Hex            0%         N/A       100%        7
 Malign Gateway           Summ/Tloc      0%         N/A       100%        7
 Ozocubu's Refrigeration  Ice            0%         4d7       100%        7
 Summon Horrible Things   Summ           0%         N/A       100%        8
 Polar Vortex             Ice            0%         N/A       100%        9


Dungeon Overview and Level Annotations

Branches:
Dungeon (15/15)            Temple (0/1) D:6            Lair (5/5) D:10
  Swamp (4/4) Lair:3       Spider (4/4) Lair:3        Slime (0/5) Lair:5
    Orc (2/2) D:12            Elf (2/3) Orc:2        Vaults (5/5) D:13
  Crypt (0/3) Vaults:2     Depths (4/4) D:15            Zot (5/5) Depths:4
Volcano (visited)         Gauntlet (visited)

Altars:
Ashenzari
Dithmenos
Elyvilon
Fedhas
Sif Muna
Trog
The Shining One
Lugonu

Shops:
D:6 *   D:12 [   Orc:2 (!:*   Elf:2 !(:*(   Vaults:1 [   Vaults:4 (
Depths:1 *!=(   Depths:4 *

Portals:
Hell: Depths:1 Depths:2 Depths:3 Depths:4
Abyss: Lair:5 Depths:3
Pandemonium: Depths:2
Ziggurat: Depths:1

Annotations:
D:3 exclusion: oklob plant
D:8 3 runed translucent doors, spiderkeys's ghost, novice DgFi
D:13 exclusion: ice statue
Elf:1 1 runed translucent door
Depths:1 exclusions: eye of devastation and 1 more exclusion
Depths:2 3 runed translucent doors, Himmaryad's ghost, adept TrMo


Innate Abilities, Weirdness & Mutations

You can spit globs of acid.
Your golden yellow scales are hard. (AC +12)
You cannot fit into any form of body armour.
You have acidic saliva.
You are cold-blooded and may be slowed by cold attacks.
You are resistant to acid. (rCorr)
You are frail. (-10% HP)
You occasionally lose the ability to read scrolls when taking damage.


Message History

There is a stone staircase leading down here.
An efreet comes into view.
It is wielding a +3 scimitar of flaming.
The efreet gestures at you. The bolt of fire misses you. The efreet misses you.
You pound the efreet into fine dust!!!!
You kill the efreet!
No target in view!
No target in view!
No target in view!
No target in view!
No target in view!
No target in view!
No target in view!
No target in view!
No target in view!
No target in view!
No target in view!
No target in view!
No target in view!
No target in view!
Okay, then.
What level of the Dungeon? (default 1, ? - help) HP restored.
An Ipoicat and a lich come into view.
Blink to where?
Press: ? - help, Dir - move target
As you read the scroll of blinking, it crumbles to dust.
The lich moves out of view.
There is a stone staircase leading up here.
You climb upwards.
There is a stone staircase leading down here.
Aiming: Dig
Press: ? - help, Shift-Dir - straight line You can't see that place. [the floor.]
The rock shatters into small pieces.
There is an open door here.
There is a staircase leading out of the dungeon here.
You have escaped!

........#############
............########
#.......#...##.....#
##.....##.≈.##.....#
##...###.≈.##.....#
##'## #.≈..'.....#
#.# #.≈.##.....#
####.# #...##.....#
..##.## #...##..@..#
#.#...###.8.##.....#
#......##...########
#.......###########
####.###..........#
### ############


There were no monsters in sight!

Vanquished Creatures
  3 dread liches
  Mara (Vaults:5)
  5 ancient liches
  5 orbs of fire
  Parghit (Depths:3)
  Margery (Vaults:2)
  4 caustic shrikes (Depths:4)
  5 Killer Klowns
  4 curse toes
  12 golden dragons
  the Enchantress (Depths:3)
  A bone dragon (Zot:4)
  2 electric golems (Zot:5)
  Arachne (Spider:2)
  26 Orb Guardians (Zot:5)
  17 tentacled monstrosities
  A Hell Sentinel (D:12)
  A walking earthen tome (Depths:3)
  9 quicksilver dragons
  A deep elf blademaster (Elf:2)
  5 titans
  An ancient champion (Vaults:2)
  5 sphinxes
  4 tentacled starspawn (Abyss:2)
  12 death cobs
  Frances (Spider:1)
  8 tengu reavers
  Agnes (D:14)
  12 storm dragons
  A thorn hunter (Swamp:2)
  2 shadow dragons (shapeshifter) (Vaults:5)
  6 draconian monks
  10 shadow dragons
  3 draconian knights
  6 draconian scorchers
  4 fire giants
  17 vault wardens
  A fenstrider witch (Swamp:2)
  5 frost giants
  4 deep elf sorcerers
  7 emperor scorpions
  11 ghost moths
  7 draconian shifters
  A curse skull (Vaults:2)
  14 ironbound preservers
  2 orc warlords
  5 draconian stormcallers
  8 draconian annihilators
  An angel (Abyss:2)
  8 war gargoyles
  6 caustic shrike skeletons (Depths:3)
  A formless jellyfish (Vaults:4)
  2 broodmothers
  8 very ugly things
  6 spriggan defenders
  9 ironbound thunderhulks
  8 stone giants
  A vampire knight (Depths:4)
  9 green draconians
  6 eleionomae
  15 black draconians
  Nessos (Orc:2)
  A deep elf demonologist (Vaults:5)
  4 bunyips (Swamp:2)
  11 dire elephants
  8 red draconians
  12 purple draconians
  16 white draconians
  4 spark wasps
  A minotaur (Gauntlet)
  13 yellow draconians
  A deep elf annihilator (Elf:2)
  Azrael (D:15)
  3 deep elf death magi
  A merfolk impaler (Depths:2)
  6 ettins
  3 crystal guardians
  10 fire dragons
  Josephine (D:15)
  A blizzard demon (D:3)
  A green death (D:12)
  4 deep elf high priests
  15 yaktaur captains
  6 ice dragons
  4 entropy weavers
  5 great orbs of eyes
  A great orb of eyes (shapeshifter) (Vaults:5)
  9 rakshasas
  3 ogre magi
  33 vault guards
  4 peacekeepers
  Fannar (D:12)
  6 spriggan air magi
  16 hydras
  11 alligators
  11 centaur warriors
  A hell beast (D:10)
  2 ghost crabs
  Erica (Lair:2)
  A catoblepas (D:15)
  3 radroaches
  An anaconda (Depths:3)
  8 boulder beetles
  7 ironbound frosthearts
  6 jorogumos
  8 two-headed ogres
  8 death yaks (Depths:3)
  4 deep troll shamans
  A death knight (D:14)
  6 tengu warriors
  24 dancing weapons
  10 deep troll earth magi
  11 demonic crawlers
  Urug (D:11)
  7 spriggan berserkers
  15 hell knights
  An orc high priest (Orc:2)
  4 thrashing horrors
  20 deep elf knights
  11 iron trolls
  3 skysharks
  2 sun demons
  4 wretched stars (Abyss:2)
  A skyshark (shapeshifter) (Vaults:5)
  2 salamander mystics (Depths:4)
  A sixfirhy (Abyss:2)
  7 pharaoh ants
  2 sun moths
  3 goliath frogs
  17 orb spiders
  A goliath frog (shapeshifter) (D:15)
  2 glowing orange brains
  A deep troll (shapeshifter) (D:15)
  14 spriggan druids
  10 deep elf archers
  3 flayed ghosts (Depths:2)
  50 deep trolls
  13 ironbound convokers
  10 swamp dragons
  A bog body (Swamp:1)
  4 steelbarb worms
  6 lindwurms
  3 harpies (Vaults:1)
  33 deep elf zephyrmancers
  28 deep elf pyromancers
  A harpy (shapeshifter) (Elf:1)
  3 phantasmal warriors
  13 necromancers
  6 wizards
  30 ugly things
  10 orc knights
  2 oklob plants (D:10)
  4 will-o-the-wisps
  21 wolf spiders
  9 orc sorcerers
  4 manticores
  2 cyclopes
  16 vault sentinels
  4 salamanders (Depths:4)
  29 moths of wrath
  An eye of devastation (Abyss:2)
  A water nymph (shapeshifter) (Vaults:5)
  19 elephants
  Joseph (D:8)
  A stone giant skeleton (Vaults:3)
  5 smoke demons
  5 black mambas
  A fire giant skeleton (Vaults:3)
  2 rust devils
  9 cane toads
  An unseen horror (D:11)
  2 molten gargoyles (Volcano)
  8 apocalypse crabs (Depths:2)
  8 torpor snails
  2 gargoyles
  2 orange demons
  A hellion (Zot:1)
  Psyche (D:8)
  An elf skeleton (Vaults:3)
  A tormentor (D:13)
  An efreet (D:2)
  5 freezing wraiths
  30 yaktaurs
  8 komodo dragons
  2 tengu conjurers
  A yaktaur (shapeshifter) (Lair:5)
  An ancient zyme (Abyss:2)
  9 meliai
  A red devil (Volcano)
  5 trolls
  2 polar bears (Lair:5)
  6 raiju
  32 blink frogs
  2 tyrant leeches
  A blink frog (shapeshifter) (D:13)
  3 saltlings (Elf:2)
  26 tarantellas
  23 hornets
  4 dream sheep (Lair:3)
  35 jumping spiders
  16 culicivoras
  2 vampires
  40 slime creatures
  6 water elementals
  8 wraiths
  A shadow (D:13)
  37 yaks
  5 ynoxinuls
  56 spriggans
  2 air elementals (Elf:1)
  6 fire bats (Volcano)
  2 flying skulls (Abyss:2)
  6 fire elementals
  5 basilisks
  Grum (D:8)
  57 redbacks
  4 golden eyes (Abyss:2)
  5 wyverns
  4 steam dragons
  3 chaos spawn
  14 vampire mosquitoes
  2 human simulacra (Vaults:3)
  4 acid dragons
  4 wargs
  20 swamp worms
  Duvessa (D:7)
  8 hell hounds
  8 water moccasins
  9 large abominations
  39 orc warriors
  10 swamp drakes
  2 sky beasts
  2 ice beasts
  4 black bears
  20 wolves
  12 ogres
  5 boggarts (Vaults:1)
  8 centaurs
  2 phantoms
  14 bullfrogs
  4 elf zombies (Elf:1)
  An earth elemental (Elf:1)
  7 scorpions
  24 small abominations
  A gnoll sergeant (D:10)
  A water moccasin skeleton (D:6)
  2 wyvern skeletons (D:6)
  Dowan (D:7)
  2 electric eels
  6 howler monkeys
  5 lava snakes
  2 crimson imps (Gauntlet)
  7 jellies
  4 quasits (D:4)
  A centaur skeleton (D:6)
  22 orc priests
  6 hounds
  An iron imp (Abyss:2)
  5 iguanas
  32 orc wizards
  A sleepcap (D:5)
  Robin (D:3)
  8 gnolls
  7 adders
  3 white imps
  3 ufetubi
  A worm (D:4)
  4 dart slugs
  50 orcs
  16 bats
  5 endoplasms
  4 giant cockroaches
  16 goblins
  8 hobgoblins
  8 jackals
  5 kobolds
  A quokka (D:5)
  4 ball pythons
  12 frilled lizards
  4 rats
2126 creatures vanquished.

Vanquished Creatures (collateral kills)
  A spriggan (Depths:3)
  A hornet (Depths:3)
2 creatures vanquished.

Vanquished Creatures (others)
  A ghost moth (Spider:4)
  A swamp dragon (Swamp:4)
  A deep troll (Vaults:1)
  A harpy (Vaults:1)
  A lindwurm (Swamp:4)
  A hellion (Zot:2)
  A bloated husk (Swamp:1)
  A hornet (Depths:3)
  A spriggan (Depths:3)
  A steam dragon (Swamp:4)
  A creeping inferno (Zot:2)
  19 foxfires
  8 starspawn tentacles (Abyss:2)
38 creatures vanquished.

Grand Total: 2166 creatures vanquished

Notes
Turn   | Place    | Note
-------+----------+-------------------------------------------
     0 | D:1      | DrMo the Draconian Monk began the quest for the Orb.
     0 | D:1      | Reached XP level 1. HP: 19/19 MP: 1/1
   175 | D:1      | Reached XP level 2. HP: 26/26 MP: 2/2
   526 | D:1      | Reached XP level 3. HP: 13/33 MP: 3/3
  1140 | D:2      | Reached skill level 4 in Fighting
  1225 | D:2      | Found a shadowy altar of Dithmenos.
  1497 | D:3      | Reached XP level 4. HP: 31/40 MP: 4/4
  1528 | D:3      | Noticed Robin
  1817 | D:3      | Killed Robin
  1859 | D:3      | Reached XP level 5. HP: 42/47 MP: 5/5
  2138 | D:3      | Found a blossoming altar of Fedhas.
  2157 | D:3      | Noticed an oklob plant
  2975 | D:4      | Reached skill level 5 in Fighting
  3052 | D:4      | Reached XP level 6. HP: 48/56 MP: 6/6
  3219 | D:4      | Found a broken altar of Ashenzari.
  3234 | D:4      | Became a worshipper of Ashenzari the Shackled
  3258 | D:4      | Reached * piety under Ashenzari
  3307 | D:4      | Noticed an ice beast
  3313 | D:4      | Reached skill level 5 in Unarmed Combat
  3320 | D:4      | Killed an ice beast
  3530 | D:4      | Identified the ring "Sifuak" {Str+6 Int-3 Slay+2 SInv}
  3552 | D:5      | Entered Level 5 of the Dungeon
  3592 | D:5      | Your scales start taking on a golden yellow colour.
  3592 | D:5      | Reached XP level 7. HP: 52/64 MP: 7/7
  3592 | D:5      | Gained mutation: You are resistant to acid. (rCorr) [Yellow
                  | Draconian growth]
  3673 | D:5      | Reached skill level 1 in Evocations
  3766 | D:5      | Reached skill level 6 in Fighting
  3790 | D:5      | Reached skill level 5 in Dodging
  3845 | D:5      | Noticed a wyvern
  3859 | D:5      | Killed a wyvern
  3860 | D:5      | Reached XP level 8. HP: 41/73 MP: 8/8
  4107 | D:5      | Reached ** piety under Ashenzari
  4617 | D:6      | Found a staircase to the Ecumenical Temple.
  4707 | D:6      | Reached skill level 7 in Fighting
  4718 | D:6      | Found Haales's Neck Hole.
  4809 | D:6      | Found a white marble altar of Elyvilon.
  5311 | D:6      | Found the +11 Singing Sword {sonic wave}
  5388 | D:7      | Reached XP level 9. HP: 82/82 MP: 9/9
  5477 | D:7      | Noticed Dowan
  5477 | D:7      | Noticed Duvessa
  5523 | D:7      | Killed Dowan
  5541 | D:7      | Identified the Parchment of Transmigration
  5555 | D:7      | Killed Duvessa
  5642 | D:7      | Reached skill level 8 in Fighting
  5651 | D:7      | Found a shadowy altar of Dithmenos.
  5704 | D:7      | You fall into a shaft and drop 3 floors!
  5704 | D:10     | Entered Level 10 of the Dungeon
  5711 | D:9      | Reached *** piety under Ashenzari
  5805 | D:8      | Found a runed translucent gate.
  5819 | D:8      | Found a runed translucent gate.
  5825 | D:8      | Found a runed translucent gate.
  5827 | D:8      | Noticed spiderkeys's ghost (novice DgFi)
  5922 | D:8      | Noticed Psyche
  5932 | D:8      | Killed Psyche
  5933 | D:8      | Reached skill level 5 in Evocations
  5949 | D:8      | Identified the cursed +1 cloak of Supernal Understanding
                  | {Range, Melee} (You found it on level 4 of the Dungeon)
  5949 | D:8      | Identified the cursed +2 pair of boots "Suspicion of
                  | Ashenzari" {Self, Cun} (You found it on level 1 of the
                  | Dungeon)
  5953 | D:8      | Noticed Joseph
  5971 | D:8      | Killed Joseph
  6358 | D:8      | Noticed Grum
  6387 | D:8      | Killed Grum
  6388 | D:8      | Reached XP level 10. HP: 42/94 MP: 10/10
  6398 | D:8      | Reached skill level 9 in Fighting
  7079 | D:9      | Identified 3 scrolls of acquirement
  7170 | D:9      | Found a glowing golden altar of the Shining One.
  7623 | D:9      | Noticed a two-headed ogre
  7627 | D:9      | Killed a two-headed ogre
  7901 | D:9      | Acquired the +3 Mad Mage's Maulers {Infuse+∞ VampMP -Cast}
  7901 | D:9      | Found the +3 Mad Mage's Maulers {Infuse+∞ VampMP -Cast}
  7908 | D:9      | Acquired a manual of Unarmed Combat
  8463 | D:10     | Found a staircase to the Lair.
  8463 | D:10     | Noticed an oklob plant
  8467 | D:10     | Noticed an oklob plant
  8920 | D:10     | Acquired 478 gold pieces
  9013 | D:10     | Killed an oklob plant
  9063 | D:10     | Killed an oklob plant
  9097 | Lair:1   | Entered Level 1 of the Lair of Beasts
  9099 | Lair:1   | Reached skill level 10 in Fighting
  9101 | Lair:1   | Noticed a cane toad
  9133 | D:10     | Killed a cane toad
  9134 | D:10     | Reached skill level 10 in Unarmed Combat
  9333 | Lair:1   | Reached XP level 11. HP: 99/104 MP: 2/11
  9363 | Lair:1   | Found a gate leading to a gauntlet.
  9372 | Gauntlet | Entered a Gauntlet
  9372 | Gauntlet | Found a transporter.
  9382 | Gauntlet | Found a large runed translucent door.
  9383 | Gauntlet | Found a large runed translucent door.
  9384 | Gauntlet | Found a large runed translucent door.
  9384 | Gauntlet | Found a large runed translucent door.
  9384 | Gauntlet | Found a runed translucent door.
  9385 | Gauntlet | Found a large runed translucent door.
  9386 | Gauntlet | Found a large runed translucent door.
  9387 | Gauntlet | Found a large runed translucent door.
  9387 | Gauntlet | Found a large runed translucent door.
  9388 | Gauntlet | Found a runed translucent gate.
  9388 | Gauntlet | Found a runed translucent gate.
  9390 | Gauntlet | Found a transporter.
  9398 | Gauntlet | Found a runed translucent gate.
  9398 | Gauntlet | Found a runed translucent door.
  9399 | Gauntlet | Found a large runed translucent door.
  9399 | Gauntlet | Found a large runed translucent door.
  9400 | Gauntlet | Found a large runed translucent door.
  9401 | Gauntlet | Found a large runed translucent door.
  9405 | Gauntlet | Found a transporter.
  9407 | Gauntlet | Identified the +1 cloak of Leisexal {Regen+}
  9409 | Gauntlet | Noticed an entropy weaver
  9410 | Gauntlet | Found a transporter.
  9415 | Gauntlet | Noticed a four-headed hydra
  9425 | Gauntlet | Found a transporter.
  9425 | Gauntlet | Identified the amulet of Ykampas {rN++ Regen+ Dex-5}
  9447 | Gauntlet | Found a transporter.
  9455 | Gauntlet | Identified the +1 pair of boots of the Wasteland {Dex+4}
  9456 | Gauntlet | Found a transporter.
  9465 | Gauntlet | Noticed a sun demon
  9469 | Gauntlet | Found a transporter.
  9480 | Gauntlet | Noticed a balrug
  9481 | Gauntlet | Found a transporter.
  9482 | Gauntlet | Identified the ring "Faizeer" {rPois Str-2 Dex+4}
  9493 | Gauntlet | Found a transporter.
  9512 | Gauntlet | Found a transporter.
  9527 | Gauntlet | Found a transporter.
  9529 | Gauntlet | Found a transporter.
  9554 | Gauntlet | Found a transporter.
  9556 | Gauntlet | Found a transporter.
  9572 | Gauntlet | Found a large runed translucent door.
  9572 | Gauntlet | Found a large runed translucent door.
  9573 | Gauntlet | Found a large runed translucent door.
  9574 | Gauntlet | Found a large runed translucent door.
  9576 | Gauntlet | Found a transporter.
  9654 | Gauntlet | Found a transporter.
  9692 | Gauntlet | Found a transporter.
 10433 | Gauntlet | Identified the +0 chain mail "Coixkay" {rC+ Int-5 Dex+3
                  | Stlth+}
 10433 | Gauntlet | Noticed a minotaur
 10441 | Gauntlet | Killed a minotaur
 10960 | Lair:1   | Reached skill level 11 in Fighting
 11292 | Lair:1   | Reached XP level 12. HP: 116/116 MP: 4/12
 11472 | Lair:1   | Reached **** piety under Ashenzari
 11871 | Lair:2   | Noticed Erica
 11884 | Lair:2   | Killed Erica
 11888 | Lair:2   | Reached skill level 10 in Dodging
 11962 | Lair:2   | Noticed a five-headed hydra
 11964 | Lair:2   | Found a dark tunnel.
 11969 | Volcano  | Entered a volcano
 12092 | Volcano  | Reached skill level 12 in Fighting
 12214 | Volcano  | Found a radiant altar of Vehumet.
 12305 | Volcano  | Reached skill level 10 in Evocations
 12473 | Lair:2   | Killed a four-headed hydra
 13584 | D:4      | Identified the ring "Sifuak" {Str+6 Int-3 Slay+2 SInv}
 13842 | Lair:3   | Identified the +1 whip of the Hidden Vale {holy, Dex+2}
 14014 | Lair:3   | Reached XP level 13. HP: 125/130 MP: 2/13
 14038 | Lair:3   | Reached ***** piety under Ashenzari
 14128 | Lair:3   | Found a hole to the Spider Nest.
 14307 | Lair:3   | Found a staircase to the Swamp.
 14307 | Lair:3   | Noticed an eleionoma
 14313 | Lair:3   | Killed an eleionoma
 14331 | Lair:3   | Reached skill level 13 in Fighting
 15087 | Lair:4   | Identified the +0 pair of boots of Lecsiojao {-Tele rPois
                  | Str+5}
 15211 | Lair:4   | Reached skill level 15 in Unarmed Combat
 15475 | Lair:4   | Found a runed translucent door.
 15843 | Lair:5   | Entered Level 5 of the Lair of Beasts
 15843 | Lair:5   | Found a staircase to the Slime Pits.
 16365 | Lair:5   | Found a shimmering blue altar of Sif Muna.
 16733 | Lair:5   | Identified the +5 quarterstaff of Vooxoeh {heavy, rElec
                  | Str+2 Dex+2}
 16858 | Lair:5   | Identified the +10 rapier of the Hero {freeze, rElec Will+
                  | Stlth-}
 17254 | Lair:5   | Reached skill level 14 in Fighting
 17376 | Lair:5   | Gained mutation: You have acidic saliva. [Yellow Draconian
                  | growth]
 17376 | Lair:5   | Reached XP level 14. HP: 146/146 MP: 4/15
 18124 | Lair:5   | Found a corrupted altar of Lugonu.
 18124 | Lair:5   | Found a one-way gate to the infinite horrors of the Abyss.
 19245 | D:11     | Noticed Urug
 19249 | D:11     | Killed Urug
 19754 | D:12     | Noticed Fannar
 19764 | D:12     | Killed Fannar
 19895 | D:12     | Identified the ring of Xepiq {rN+ Str-5 Int+3 Dex+6}
 19917 | D:12     | Found a staircase to the Orcish Mines.
 19918 | D:12     | Found Caykhaec's Armour Shoppe.
 20519 | D:12     | Found a portal to a secret trove of treasure.
 20763 | Orc:1    | Entered Level 1 of the Orcish Mines
 20903 | Orc:2    | Entered Level 2 of the Orcish Mines
 20979 | Orc:1    | Reached skill level 15 in Fighting
 21111 | Orc:2    | Noticed an orc warlord
 21301 | Orc:1    | Killed an orc warlord
 21479 | Orc:2    | Noticed Nessos
 21487 | Orc:2    | Killed Nessos
 21504 | Orc:2    | Found a frozen archway.
 21693 | Orc:2    | Reached XP level 15. HP: 93/155 MP: 3/16
 22095 | Orc:2    | Found a staircase to the Elven Halls.
 22190 | Orc:2    | Found Siashreb's Book Shop.
 22190 | Orc:2    | Found Ytrenotaenn's Antique Weapon Boutique.
 22217 | Orc:2    | Found Xinus's Distillery.
 22221 | Orc:2    | Found Tixt's Assorted Antiques.
 22225 | Orc:2    | Bought a scroll of teleportation for 93 gold pieces
 22226 | Orc:2    | Bought a potion of curing for 39 gold pieces
 22226 | Orc:2    | Bought a potion of might for 52 gold pieces
 22226 | Orc:2    | Bought a potion of mutation for 104 gold pieces
 22226 | Orc:2    | Bought a potion of berserk rage for 65 gold pieces
 23826 | D:13     | Paralysed by an ogre mage for 5 turns
 24531 | D:13     | Found a gate to the Vaults.
 25515 | D:14     | Noticed Agnes
 25528 | D:14     | Killed Agnes
 26185 | D:15     | Entered Level 15 of the Dungeon
 26279 | D:15     | Reached skill level 16 in Fighting
 26518 | D:15     | Noticed Azrael
 26521 | D:15     | Killed Azrael
 26681 | D:15     | Identified the +1 leather armour "Geimiut" {rN+ Int+2}
 26717 | D:15     | Identified the +3 long sword "Voagome" {drain, rPois Dex+4}
 26874 | D:15     | Noticed Josephine
 26881 | D:15     | Killed Josephine
 27327 | D:15     | Found a staircase to the Depths.
 28186 | Swamp:1  | Entered Level 1 of the Swamp
 28755 | Swamp:1  | Reached XP level 16. HP: 167/167 MP: 10/17
 29969 | Swamp:2  | Noticed a thorn hunter
 30047 | Swamp:2  | Killed a thorn hunter
 32241 | Swamp:3  | Reached skill level 17 in Fighting
 32717 | Swamp:3  | Reached skill level 15 in Evocations
 33562 | Swamp:4  | Entered Level 4 of the Swamp
 34248 | Swamp:4  | Identified the +0 robe of the Nine Princes {Int+3}
 34958 | Swamp:4  | Reached skill level 1 in Shields
 35078 | Swamp:4  | Got a decaying rune of Zot
 36817 | Spider:1 | Entered Level 1 of the Spider Nest
 37317 | Lair:3   | Reached XP level 17. HP: 109/177 MP: 4/18
 38174 | Spider:1 | Reached skill level 15 in Dodging
 38713 | Spider:1 | Noticed Frances
 38724 | Spider:1 | Killed Frances
 38957 | Spider:1 | Reached skill level 5 in Shields
 39652 | Spider:1 | Identified the +0 robe of the Crypt {rN+ rCorr Str+4 Int+2}
 40680 | Spider:2 | Noticed Arachne
 41567 | Spider:2 | Killed Arachne
 41568 | Spider:2 | Reached skill level 18 in Fighting
 44684 | Spider:4 | Entered Level 4 of the Spider Nest
 45114 | Spider:4 | Reached skill level 1 in Stealth
 45737 | Spider:4 | Reached XP level 18. HP: 188/188 MP: 3/19
 47494 | Spider:4 | Got a gossamer rune of Zot
 48169 | Depths:1 | Entered Level 1 of the Depths
 48691 | Depths:1 | Found Igibruhore's Assorted Antiques.
 48693 | Depths:1 | Found Iturap's Jewellery Shoppe.
 48693 | Depths:1 | Found Kudoutz's Distillery.
 48699 | Depths:1 | Bought a scroll of teleportation for 126 gold pieces
 48699 | Depths:1 | Found Xyedik's Weapon Shoppe.
 48702 | Depths:1 | Bought a potion of heal wounds for 80 gold pieces
 48702 | Depths:1 | Bought a potion of heal wounds for 80 gold pieces
 48702 | Depths:1 | Bought a potion of might for 64 gold pieces
 48702 | Depths:1 | Bought a potion of heal wounds for 80 gold pieces
 48896 | Depths:1 | Found a shadowy altar of Dithmenos.
 48900 | Depths:1 | Found a gateway to Hell.
 48928 | Depths:1 | Found a one-way gateway to a ziggurat.
 49617 | Vaults:1 | Entered Level 1 of the Vaults
 49648 | Vaults:1 | Reached skill level 10 in Shields
 50507 | Vaults:1 | Reached skill level 19 in Fighting
 50748 | Vaults:1 | Reached skill level 5 in Stealth
 51036 | Vaults:1 | Found Wixeent's Armour Shop.
 51315 | Vaults:1 | Bought a +0 kite shield for 90 gold pieces
 51411 | Vaults:1 | Reached XP level 19. HP: 161/198 MP: 2/20
 52455 | Vaults:2 | Noticed Margery
 52956 | Vaults:2 | Found a staircase to the Crypt.
 53247 | Vaults:2 | Killed Margery
 55826 | Vaults:3 | Identified the amulet "Mudism" {Reflect Harm rCorr SH+5}
 56469 | Vaults:3 | Reached XP level 20. HP: 199/211 MP: 3/21
 58120 | Vaults:4 | Found Acojon's Antique Weapon Boutique.
 58265 | Vaults:4 | Reached skill level 20 in Fighting
 62750 | Depths:2 | Found a one-way gate leading to the halls of Pandemonium.
 63516 | Depths:2 | Identified the +0 ring mail "Wunic" {Fly rCorr}
 63931 | Depths:2 | Found a runed translucent gate.
 63932 | Depths:2 | Found a runed translucent gate.
 63932 | Depths:2 | Found a runed translucent gate.
 63933 | Depths:2 | Noticed Himmaryad's ghost (adept TrMo)
 63933 | Depths:2 | Noticed Himmaryad's ghost (adept TrMo)
 64022 | Depths:2 | Identified the +2 hat of Jigsaw {Harm Will+ Str-5 Int+3}
 64297 | Depths:3 | Reached skill level 15 in Shields
 65313 | Depths:3 | Found a bloodstained altar of Trog.
 65321 | Depths:3 | Reached XP level 21. HP: 180/217 MP: 5/22
 65506 | Depths:3 | Noticed Parghit
 65511 | Depths:3 | Killed Parghit
 67395 | Depths:3 | Identified the +1 robe of Pandemonium {rC++}
 67428 | Depths:3 | Identified the ring of Oluanab {Contam rElec rN+ Dex+6}
 67453 | Depths:3 | Noticed the Enchantress
 68080 | Depths:3 | Killed the Enchantress
 68421 | Depths:4 | Entered Level 4 of the Depths
 69669 | Depths:3 | Found a bloodstained altar of Trog.
 70685 | Depths:4 | Found Big Baal Hell's Store.
 71023 | Depths:4 | Reached skill level 10 in Stealth
 71031 | Depths:4 | Acquired 591 gold pieces
 71205 | Depths:4 | Noticed a caustic shrike
 71207 | Depths:4 | Noticed a caustic shrike
 71324 | Depths:4 | Noticed a caustic shrike
 71324 | Depths:4 | Noticed a caustic shrike
 71332 | Depths:4 | Killed a caustic shrike
 71341 | Depths:4 | Killed a caustic shrike
 71342 | Depths:4 | Killed a caustic shrike
 71343 | Depths:4 | Reached skill level 21 in Fighting
 71509 | Depths:4 | Killed a caustic shrike
 73187 | Depths:4 | Found a gate to the Realm of Zot.
 73530 | Elf:1    | Entered Level 1 of the Elven Halls
 73530 | Elf:1    | Found a runed translucent gate.
 73530 | Elf:1    | Found a runed translucent gate.
 73530 | Elf:1    | Found a runed translucent gate.
 73530 | Elf:1    | Found a runed translucent gate.
 73530 | Elf:1    | Found a runed translucent gate.
 73530 | Elf:1    | Found a runed translucent gate.
 73531 | Elf:1    | Found a runed translucent door.
 73679 | Elf:1    | Found a runed translucent door.
 74486 | Elf:1    | Reached XP level 22. HP: 218/228 MP: 6/23
 75731 | Elf:1    | Found a shimmering blue altar of Sif Muna.
 76811 | Elf:1    | Identified Kikubaaqudgha's Papyrus of Mortification
 76995 | Elf:2    | Found Hup Por's Assorted Antiques.
 77340 | Elf:2    | Bought a potion of heal wounds for 175 gold pieces
 77340 | Elf:2    | Bought a scroll of revelation for 262 gold pieces
 77382 | Elf:2    | Found Narch's Antique Weapon Emporium.
 77387 | Elf:2    | Found Minweys's Weapon Boutique.
 77557 | Elf:2    | Found a crumbling gateway.
 78071 | Elf:2    | Found Uweipiv's Distillery.
 78140 | Elf:2    | Bought a potion of haste for 210 gold pieces
 78140 | Elf:2    | Bought a potion of curing for 63 gold pieces
 78349 | Elf:2    | Found a runed translucent gate.
 78350 | Elf:2    | Found a runed translucent gate.
 78350 | Elf:2    | Found a runed translucent gate.
 78410 | Elf:2    | Found Fuam's Book Shop.
 78696 | D:12     | You paid a toll of +3 shadow dragon scales to enter a
                  | treasure trove
 78697 | Trove    | Entered a treasure trove
 78699 | Trove    | Identified the +0 tower shield "Difakom" {Rampage +Blink
                  | Str-4 Int+4}
 78699 | Trove    | Identified the +0 hat of Wasted Space {Will+}
 78700 | Trove    | Identified the -1 pair of boots of Revaech {Int+2}
 78700 | Trove    | Identified the +0 pair of gloves of Irhephar {Fly rF+}
 78700 | Trove    | Identified the scarf of the World {repulsion, +Blink}
 80530 | Vaults:5 | Entered Level 5 of the Vaults
 80670 | Vaults:5 | Noticed a golden dragon
 80677 | Vaults:5 | Killed a golden dragon
 80743 | Vaults:5 | HP: 2/204 [shadow dragon/bolt of negative energy (20)]
 80956 | Vaults:5 | Noticed a golden dragon
 80964 | Vaults:5 | Killed a golden dragon
 81192 | Vaults:5 | Noticed an ancient lich
 81211 | Vaults:5 | Killed an ancient lich
 81214 | Abyss:2  | Cast into level 2 of the Abyss (a deep elf sorcerer)
 82002 | Vaults:5 | Escaped the Abyss
 82142 | Vaults:5 | Reached XP level 23. HP: 238/238 MP: 2/24
 82154 | Vaults:5 | Identified the +4 plate armour "Tialudor" {Dex+4}
 82523 | Vaults:5 | Identified the +10 battleaxe of Ifubum {spect, *Noise rElec
                  | rPois Int-5 SInv}
 82707 | Vaults:5 | Reached skill level 22 in Fighting
 82893 | Vaults:5 | Noticed Mara
 82907 | Vaults:5 | Killed Mara
 83714 | Vaults:5 | Identified the +3 short sword of Keaph {flame, Dex+4}
 83769 | Vaults:5 | Noticed a dread lich
 83789 | Vaults:5 | Paralysed by a dread lich for 3 turns
 83800 | Vaults:5 | Killed a dread lich
 83805 | Vaults:5 | Identified the +8 whip "Piati Ufae" {venom, Fragile rPois
                  | Int+2}
 84594 | Vaults:5 | Found the +3 pair of mountain boots {steadfast, rC+}
 85319 | Vaults:5 | Identified the staff of the Big Fish {*Slow rElec Will+
                  | SInv Conj}
 85627 | Vaults:5 | Got a silver rune of Zot
 86778 | Zot:1    | Entered Level 1 of the Realm of Zot
 90385 | Depths:4 | Bought the ring "Acvyargh" {Fire rElec rPois} for 2851 gold
                  | pieces
 90877 | Zot:2    | Noticed a curse toe
 90883 | Zot:2    | Killed a curse toe
 91731 | Zot:2    | Reached XP level 24. HP: 210/246 MP: 2/23
 92231 | Zot:2    | Noticed an orb of fire
 92256 | Zot:2    | Killed an orb of fire
 94423 | Zot:3    | Noticed an orb of fire
 94438 | Zot:3    | Killed an orb of fire
 94982 | Zot:3    | Reached skill level 23 in Fighting
 95449 | Zot:3    | Identified the +6 scale mail of the Solstice {Slay+3}
 95640 | Zot:3    | Noticed a Killer Klown
 95640 | Zot:3    | Noticed a Killer Klown
 95640 | Zot:3    | Noticed a Killer Klown
 95642 | Zot:3    | Killed a Killer Klown
 95649 | Zot:3    | a Killer Klown changed into a titan
 95664 | Zot:3    | Killed a Killer Klown
 99797 | Zot:4    | Identified the +5 mace of Bloody Death {heavy, Will+ Str+3
                  | Stlth+}
 99797 | Zot:4    | Identified the +0 troll leather armour "Echischo" {Regen+
                  | Str+2 Stlth+}
100097 | Zot:4    | Reached XP level 25. HP: 239/242 MP: 11/23
100331 | Zot:4    | Identified the ring of Fiucs {rElec Dex+6}
100331 | Zot:4    | Identified the +0 leather armour "Tucvobej" {Dex+7}
100493 | Zot:5    | Entered Level 5 of the Realm of Zot
102091 | Zot:5    | Noticed an orb of fire
102093 | Zot:5    | Noticed an ancient lich
102094 | Zot:5    | Gained mutation: You occasionally lose the ability to read
                  | scrolls when taking damage. [an orb of fire]
102095 | Zot:5    | Killed an orb of fire
102102 | Zot:5    | Killed an ancient lich
102331 | Zot:5    | Noticed a Killer Klown
102360 | Zot:5    | Killed a Killer Klown
102485 | Zot:5    | Noticed an ancient lich
102493 | Zot:5    | Killed an ancient lich
102991 | Zot:5    | Noticed a Killer Klown
103105 | Zot:5    | Noticed a Killer Klown
103110 | Zot:5    | Noticed an orb of fire
103162 | Zot:5    | Gained mutation: You are frail. (-10% HP) [an orb of fire]
103174 | Zot:5    | Killed an orb of fire
103361 | Zot:5    | Noticed a dread lich
103387 | Zot:5    | Killed a dread lich
103405 | Zot:5    | Noticed an orb of fire
103442 | Zot:5    | Killed a Killer Klown
103447 | Zot:5    | Noticed an ancient lich
103451 | Zot:5    | Killed an ancient lich
103452 | Zot:5    | Reached skill level 24 in Fighting
103565 | Zot:5    | Killed a Killer Klown
103579 | Zot:5    | Noticed a dread lich
103585 | Zot:5    | Killed a dread lich
103592 | Zot:5    | Noticed an ancient lich
103604 | Zot:5    | Killed an ancient lich
104572 | Zot:5    | Killed an orb of fire
104623 | Zot:5    | Got the Orb of Zot
104808 | Depths:2 | Noticed Giunerud the pandemonium lord
104881 | D:14     | Noticed Wothryid the pandemonium lord
105162 | D:2      | Noticed Ipoicat the pandemonium lord
105191 | D:$      | Escaped with the Orb!

Illustrated notes

Levels and vault maps discovered:
D:1:      dpeg_arrival_rooms_c, layout_loops_corners
D:2:      layout_rooms, basic_altar
D:3:      layout_basic, tgw_fedhas, chequers_serial_rivers_micro_c, uniq_robin
D:4:      cheibrodos_quashed, layout_basic, cheibrodos_ashenzari_chains,
          minmay_lizard_king
D:5:      minmay_angry_zag, layout_basic
D:6:      old_forge, layout_loops_ring, elyvilon_altar_5, temple_fountains,
          serial_undead, serial_undead_e, serial_undead_c, serial_undead_c,
          serial_undead_f, nicolae_shop_sticking_my_neck_out
D:7:      layout_rooms, amcnicky_altar_gilded, lemuel_doored_altar, uniq_duvessa
D:8:      layout_basic, gammafunk_ghost_necromancy, minmay_misc_feat_chi,
          uniq_joseph, uniq_grum, uniq_psyche
D:9:      layout_gridville, nicolae_tso_carved_into_rock, kennysheep_flooded_box
D:10:     layout_stronghold, dpeg_oklobed_lair,
          eino_small_chamber_without_monster
D:11:     layout_stronghold, uniq_urug
D:12:     layout_basic, enter_trove_6, serial_shops, shop, uniq_fannar
D:13:     statuecave_lemuel, layout_basic,
          hangedman_vaults_entry_quadrant_bands, minmay_misc_feat_x,
          hangedman_decor_diamond_cutter
D:14:     layout_rooms, uniq_agnes
D:15:     gammafunk_enter_depths_forms, layout_irregular_city, uniq_josephine,
          uniq_azrael
Lair:1:   beast_lair_carwin_large_4, layout_regular_city,
          gauntlet_entry_generic, serial_bayou_shore_a, serial_bayou_shore_b
Lair:2:   layout_concentric_octagons, nicolae_volcano_entry_two_sided,
          pdpol_lair_neglected_garden, beast_lair_carwin_6, uniq_erica
Lair:3:   layout_regular_city, alex1729_swamp_entry_worm_eleionoma,
          nicolae_spider_entry_orb_guardian, columned_hall_lemuel
Lair:4:   layout_gridlike, small_statue_intersection, pf_torpor_hydra
Lair:5:   hellmonk_lair_end_abyssal_woods, layout_cave_pods,
          nicolae_slime_entry_field_trip, basic_altar, lemuel_fruit_tree
Swamp:1:  layout_basic_swamp, evilmike_swamp_ruin_house_1
Swamp:2:  layout_falls_marsh, nicolae_swamp_trees_clearing, swamp_pool5
Swamp:3:  layout_falls_marsh, evilmike_swamp_ruin_rubble_1, swamp_pool4,
          nicolae_swamp_spriggan_camp
Swamp:4:  swamp_fiery, layout_basic_swamp
Spider:1: layout_cave_pods, nicolae_spider_nooks_and_crannies, uniq_frances
Spider:2: layout_spider_delve, uniq_arachne
Spider:3: layout_chambers, hangedman_spider_tarantella_strand
Spider:4: johnstein_spider_rune_arachne_lair, drop_trap
Orc:1:    layout_caves
Orc:2:    st_orc_mages, layout_caves, portal_ice_cave_entry_pillars_2,
          uniq_nessos
Elf:1:    nicolae_elf_arrival_dilemma, layout_geoelf_diagonals, basic_altar,
          minmay_elf_necromancy, grunt_ministairs_12
Elf:2:    nicolae_elf_blades_crystal_corner, layout_gridlike, serial_shops,
          shop_statue, nicolae_shop_crystal, shop_statue,
          nicolae_shop_scrapyard, shop, portal_desolation_entry_salt
Vaults:1: vaults_dpeg_emergency_exit, nicolae_vaults_six-pack,
          ontoclasm_vaults_ring_small, v_misc_27, ontoclasm_vaults_chip,
          v_rooms_5, nicolae_vaults_taking_the_gang_shopping,
          nicolae_vaults_six-pack, nicolae_vaults_trapezoid_1,
          layout_vaults_maze_snakey
Vaults:2: nicolae_vaults_little_squares_4, minmay_crypt_entry_simple_corners,
          nicolae_vaults_trapezoid_lopsided_1, hangedman_vaults_variations,
          v_misc_10, v_misc_17, nicolae_vaults_little_squares_1, v_rooms_5,
          v_rooms_2, layout_vaults_big_room, uniq_margery
Vaults:3: nicolae_vaults_apartment_2, nicolae_vaults_heist,
          nicolae_vaults_apartment_1, vaults_room_corners,
          nicolae_vaults_steering_wheel, nicolae_vaults_ring_of_whatevers,
          v_misc_8, nicolae_vaults_tetromino_Z_1, layout_vaults_omnigrid
Vaults:4: v_misc_12, hangedman_vaults_pinch, v_alt_pattern_3,
          nicolae_vaults_hexular_roomagon, nicolae_vaults_rhombus_6,
          ontoclasm_vaults_gateway, v_misc_10, nicolae_vaults_apartment_1,
          v_misc_8, nicolae_vaults_octothorpe, nicolae_vaults_trapezoid_1,
          layout_vaults_big_cross, serial_shops, shop
Vaults:5: uniq_mara
Depths:1: layout_forbidden_donut, enter_ziggurat_c, dk_noncrumbling_4,
          hell_entry, grunt_dithmenos_smoke, grunt_megastairs_2,
          minmay_shoptagon
Depths:2: gammafunk_mikee_crab_dinner, layout_cave_pools, pan_entry,
          hangedman_geh_valley, gammafunk_ghost_cemetery,
          grunt_decor_resistance, mu_enter_wizlab_5
Depths:3: spriggan_forest, hell_entry, abyss_entry, uniq_parghit, uniq_josephina
Depths:4: grunt_zot_entry_alcove, layout_basic,
          nicolae_hell_entry_big_baal_hell, infiniplex_staircase_pool_lava
Zot:1:    layout_gridlike
Zot:2:    layout_gridlike, st_stairs_11, hangedman_hellfire_club
Zot:3:    kennysheep_oblong_rooms, layout_twisted_circle, st_stairs_1,
          grunt_ministairs_3, drop_trap
Zot:4:    layout_misc_corridors, st_large_dragon_hoard_3
Zot:5:    layout_twisted_circle

Skill      XL: |  1  2  3  4  5  6  7  8  9 10 11 12 13 14 15 16 17 18 19 20 21 22 23 24 25 |
---------------+----------------------------------------------------------------------------+-----
Dodging        | 3 4 5 6 7 8 9 10 11 13 14 15 16 17 18 19 20 | 20.8
Fighting       | 4 5 6 7 8 10 11 12 14 15 16 17 18 19 20 21 22 23 24 | 24.3
Unarmed Combat | 4 5 6 7 8 10 12 14 15 16 17 18 19 20 21 22 23 | 23.7
Evocations     | 2 4 6 7 9 10 11 13 14 15 16 18 20 21 | 21.5
Shields        | 3 8 11 13 15 16 17 | 17.9
Stealth        | 1 5 7 9 10 11 | 11.2

Action                     |  1- 3 |  4- 6 |  7- 9 | 10-12 | 13-15 | 16-18 | 19-21 | 22-24 | 25-27 || total
---------------------------+-------+-------+-------+-------+-------+-------+-------+-------+-------++-------
  Melee: Unarmed           |   120 |   171 |   223 |   418 |   778 |  1085 |  1371 |  1531 |   319 ||  6016
         Tailslap          |    15 |    26 |    40 |    91 |   145 |   206 |   288 |   328 |    79 ||  1218
         Scimitar          |       |       |       |     1 |       |       |       |       |       ||     1
         Bite              |       |       |       |       |    79 |   159 |   220 |   254 |    71 ||   783
 Invoke: Curse Item        |       |     2 |     2 |     3 |     2 |     1 |     2 |     4 |       ||    16
         Shatter the Chain |       |       |       |     1 |       |     2 |     3 |     2 |       ||     8
Ability: Breathe Acid      |       |       |    25 |    31 |    64 |    70 |    39 |     4 |       ||   233
  Evoke: Wand              |       |       |     1 |    16 |    20 |    10 |    18 |     4 |     5 ||    74
         Lightning rod     |       |       |       |       |    14 |    16 |     9 |     9 |     4 ||    52
         Condenser vane    |       |       |       |       |       |       |       |     1 |     2 ||     3
    Use: Scroll            |     6 |     2 |     1 |     7 |     1 |     9 |    14 |    16 |    14 ||    70
         Potion            |       |       |     1 |     2 |     1 |     6 |    10 |    19 |     5 ||    44
   Stab: Held in net/web   |       |       |     1 |       |       |       |       |       |       ||     1
         Sleeping          |       |       |       |     1 |       |     7 |    23 |    20 |     4 ||    55
         Distracted        |       |       |       |       |     1 |     3 |     5 |    22 |     1 ||    32
 Armour: Skin              |    63 |    55 |   149 |   274 |   490 |   794 |   631 |   459 |    84 ||  2999
  Dodge: Dodged            |    77 |   104 |   195 |   345 |   674 |  1061 |   673 |   522 |    75 ||  3726
  Block: Buckler           |       |       |       |       |       |   259 |       |       |       ||   259
         Kite shield       |       |       |       |       |       |     4 |   953 |    95 |       ||  1052
         Reflection        |       |       |       |       |       |       |    16 |    49 |     4 ||    69
         Tower shield      |       |       |       |       |       |       |       |  1187 |   206 ||  1393

Table legend: (Time is in decaauts)
 A = Elapsed time spent in this place.
 B = Non-inter-level travel time spent in this place.
 C = Inter-level travel time spent in this place.
 D = Time resting spent in this place.
 E = Time spent auto-exploring this place.
 F = Levels seen in this place.
 G = Mean time per level.
                   A        B        C        D        E       F      G
               +--------+--------+--------+--------+--------+-----+--------+
         Total | 103504 |  97459 |   6045 |  35835 |  47531 |  50 | 2070.1 |
       Dungeon |  18202 |  16346 |   1856 |   2912 |  11096 |  15 | 1213.5 |
          Lair |   8008 |   7440 |    568 |   1798 |   4564 |   5 | 1601.6 |
         Swamp |   8764 |   8577 |    187 |   5158 |   2231 |   4 | 2191.0 |
   Spider Nest |   9993 |   9316 |    677 |   4005 |   3974 |   4 | 2498.2 |
  Orcish Mines |   2670 |   2356 |    314 |   1283 |    617 |   2 | 1335.0 |
   Elven Halls |   6042 |   5713 |    329 |    818 |   4231 |   2 | 3021.0 |
        Vaults |  14863 |  14230 |    633 |   5278 |   6507 |   5 | 2972.6 |
        Depths |  15469 |  14793 |    676 |   6179 |   7050 |   4 | 3867.2 |
           Zot |  16861 |  16060 |    801 |   7356 |   6666 |   5 | 3372.2 |
         Abyss |    735 |    735 |      0 |    126 |    234 |   1 |  735.0 |
         Trove |     40 |     40 |      0 |      0 |      0 |   1 |   40.0 |
       Volcano |    489 |    489 |      0 |    160 |     66 |   1 |  489.0 |
      Gauntlet |   1363 |   1363 |      0 |    761 |    293 |   1 | 1363.0 |
               +--------+--------+--------+--------+--------+-----+--------+

Top non-repeatable levels by time:
Depths:3: 6407 daAuts
Vaults:5: 4387 daAuts
   Zot:3: 3847 daAuts
   Zot:5: 3755 daAuts
Depths:4: 3493 daAuts
Spider:3: 3428 daAuts
   Elf:1: 3368 daAuts
Depths:1: 3348 daAuts
   Zot:2: 3283 daAuts
Vaults:4: 3258 daAuts
   Zot:1: 3207 daAuts
 Swamp:3: 3033 daAuts
Vaults:2: 2910 daAuts
   Zot:4: 2767 daAuts
   Elf:2: 2673 daAuts
